 Dungeon Crawl Stone Soup version 0.29.1-15-g9cfb28693d (webtiles) character file.

Game seed: 16179579737183021423

1926 croobank the Magician (level 9, 0/71 HPs)
             Began as a Gnoll Fire Elementalist on Apr 25, 2023.
             Was an Initiate of Hepliaklqana.
             Engulfed by a steam dragon's steam (4 damage)
             ... on level 7 of the Dungeon.
             The game lasted 00:14:00 (6762 turns).

croobank the Magician (Gnoll Fire Elementalist)     Turns: 6762, Time: 00:14:01

Health: 0/71       AC: 10    Str:  6    XL:     9   Next: 17%
Magic:  12/18      EV: 13    Int: 18    God:    Hepliaklqana [......]
Gold:   299        SH:  0    Dex: 13    Spells: 13/21 levels left

rFire   . . .      SeeInvis .   a - +2 short sword (speed)
rCold   . . .      Faith    .   (no shield)
rNeg    . . .      Spirit   .   x - +0 leather armour
rPois   .          Reflect  .   (helmet restricted)
rElec   .          Harm     .   (no cloak)
rCorr   +          Rampage  .   (no gloves)
Will    .....                   l - +2 pair of boots
Stlth   +++.......              (no amulet)
HPRegen 0.21/turn               n - ring of resist corrosion
MPRegen 0.16/turn               k - +4 ring of protection

@: flying, hasted, very quick
A: fangs 1, strong nose, distributed training, horns 1, robust 1, weak 1,
MP-powered wands
a: Renounce Religion


You were on level 7 of the Dungeon.
You worshipped Hepliaklqana.
Hepliaklqana was noncommittal.
You visited 2 branches of the dungeon, and saw 8 of its levels.

You collected 299 gold pieces.

Inventory:

Hand Weapons
 a - a +2 short sword of speed (weapon)
 b - a +0 sling
 f - a +5 short sword
 h - a +0 hand axe of pain
 i - a +2 vampiric dagger
 j - a +4 mace
 r - a +0 trident
 u - a +0 morningstar
 y - a +3 halberd
 z - a +2 long sword
Missiles
 v - 6 poisoned darts
Armour
 l - a +2 pair of boots (worn)
 m - a +0 ring mail
 x - a +0 leather armour (worn)
Jewellery
 k - a +4 ring of protection (right hand)
 n - a ring of resist corrosion (left hand)
 p - an amulet of faith
 q - a ring of protection from cold
 w - a ring of positive energy
Wands
 o - a wand of flame (17)
 A - a wand of paralysis (8)
Scrolls
 c - a scroll of immolation
 C - a scroll of enchant armour
 E - a scroll of vulnerability
Potions
 d - 3 potions of brilliance
 e - 2 potions of might
 g - 2 potions of lignification
 s - a potion of invisibility
 t - a potion of haste


   Skills:
 + Level 4.1 Fighting
 + Level 4.1 Short Blades
 + Level 4.1 Long Blades
 + Level 4.1 Axes
 + Level 4.1 Maces & Flails
 + Level 4.1 Polearms
 + Level 4.1 Staves
 + Level 4.1 Ranged Weapons
 + Level 4.1 Throwing
 + Level 4.1 Armour
 + Level 6.2 Dodging
 + Level 6.0 Stealth
 + Level 4.1 Shields
 + Level 4.1 Unarmed Combat
 + Level 6.5 Spellcasting
 + Level 4.1 Conjurations
 + Level 3.4 Hexes
 + Level 3.4 Summonings
 + Level 3.4 Necromancy
 + Level 3.4 Translocations
 + Level 3.4 Transmutations
 + Level 6.5 Fire Magic
 + Level 3.4 Ice Magic
 + Level 3.4 Air Magic
 + Level 3.4 Earth Magic
 + Level 3.4 Poison Magic
 + Level 4.5 Invocations
 + Level 4.1 Evocations


You had 13 spell levels left.
You knew the following spells:

 Your Spells              Type           Power      Damage    Failure   Level
a - Foxfire               Conj/Fire      100%       2x1d9     1%          1
b - Scorch                Fire           58%        2d7       1%          2
c - Inner Flame           Hex/Fire       23%        N/A       7%          3
d - Poisonous Vapours     Pois/Air       36%        N/A       6%          2

Your spell library contained the following spells:

 Spells                   Type           Power      Damage    Failure   Level
 Conjure Flame            Conj/Fire      25%        6-21      6%          3
 Gell's Gravitas          Tloc           18%        N/A       13%         3
 Teleport Other           Tloc           18%        N/A       13%         3
 Flame Wave               Conj/Fire      25%        2d8       19%         4
 Corpse Rot               Necr/Pois/Air  18%        N/A       38%         4
 Dispersal                Tloc           9%         N/A       100%        6


Dungeon Overview and Level Annotations

Branches:
Dungeon (7/15)             Temple (1/1) D:5

Altars:
Cheibriados
Dithmenos
Elyvilon
Fedhas
Gozag
Hepliaklqana
Kikubaaqudgha
Makhleb
Nemelex Xobeh
Okawaru
Ru
Sif Muna
Trog
Uskayaw
Wu Jian
Xom
Zin

Annotations:
D:5 1 runed translucent door, Crazy Yiuf


Innate Abilities, Weirdness & Mutations

You have very sharp teeth.
Your uncanny sense of smell can sniff out nearby items.
Your experience applies equally to all skills.
You have a pair of small horns on your head.
You are robust. (+10% HP)
You are weak. (Str -2)
You expend magic power (3 MP) to strengthen your wands.


Message History

The steam dragon closely misses you.
You barely miss the steam dragon.
You headbutt the steam dragon, but do no damage.
Your punch misses the steam dragon.
The steam dragon is severely wounded.
You hit the steam dragon.
The steam dragon is almost dead.
The white imp hits you but does no damage.
The steam dragon breathes steam at you. The ball of steam hits you!
* * * LOW HITPOINT WARNING * * *
You are engulfed in a cloud of scalding steam.
* * * LOW HITPOINT WARNING * * *
The white imp gestures at you.
The puff of frost hits you but does no damage.
You see here 4 gold pieces.
You barely miss the steam dragon.
The steam dragon is almost dead.
The steam dragon barely misses you. x2
You closely miss the steam dragon.
The steam dragon is almost dead.
It was a potion of flight.
You feel very buoyant.
You fly up into the air.
The steam dragon barely misses you. The steam dragon closely misses you.
You barely miss the steam dragon.
The steam dragon is almost dead.
The steam dragon breathes steam at you. The ball of steam hits you.
* * * LOW HITPOINT WARNING * * *
Okay, then.
Okay, then.
Okay, then.
You feel yourself speed up.
You are engulfed in a cloud of scalding steam.
* * * LOW HITPOINT WARNING * * *
The steam dragon bites you but does no damage.
The steam dragon claws you but does no damage.
You are engulfed in a cloud of scalding steam.
You die...

.!........ #.##
#....#..# #.## .....:.#
#... ..))# ############
#.###..# #.......# #
#....5.# #.#####.# #
#####D## #.#####.####
#§#####...........
#######@##.##..#.##.####
#.....§§§........##.#
#.#####§##.##.......#
#.######.####.# #.#
#......# #.# ########
#.# ..# ###


You could see a steam dragon (catching breath) and a white imp.

Vanquished Creatures
  A sky beast (D:6)
  2 black bears
  An orc warrior (D:7)
  An ice beast (D:6)
  3 centaurs
  2 phantoms
  3 necrophages
  5 wights (D:6)
  3 howler monkeys
  5 hounds
  2 orc priests
  2 iguanas (D:5)
  Terence (D:3)
  An orc wizard (D:7)
  4 gnolls (D:4)
  8 adders
  A shadow imp (D:6)
  A white imp (D:7)
  A dart slug (D:2)
  13 orcs
  5 ball pythons
  3 bats
  4 endoplasms
  8 giant cockroaches
  9 goblins
  6 hobgoblins
  5 quokkas
  2 frilled lizards
  A kobold (D:3)
  5 rats
108 creatures vanquished.

Vanquished Creatures (others)
  An orc (D:7)
  238 foxfires
  2 plants (D:5)
241 creatures vanquished.

Grand Total: 349 creatures vanquished

Notes
Turn   | Place    | Note
-------+----------+-------------------------------------------
     0 | D:1      | croobank the Gnoll Fire Elementalist began the quest for
                  | the Orb.
     0 | D:1      | Reached XP level 1. HP: 13/13 MP: 6/6
   273 | D:1      | Reached XP level 2. HP: 19/19 MP: 3/7
   374 | D:1      | Learned a level 2 spell: Scorch
  1054 | D:2      | Reached skill level 5 in Spellcasting
  1054 | D:2      | Reached XP level 3. HP: 25/25 MP: 3/9
  1055 | D:2      | Reached skill level 1 in Invocations
  1585 | D:2      | Reached skill level 1 in Fighting
  1585 | D:2      | Reached skill level 1 in Short Blades
  1585 | D:2      | Reached skill level 1 in Long Blades
  1585 | D:2      | Reached skill level 1 in Axes
  1585 | D:2      | Reached skill level 1 in Maces & Flails
  1585 | D:2      | Reached skill level 1 in Polearms
  1585 | D:2      | Reached skill level 1 in Staves
  1585 | D:2      | Reached skill level 1 in Ranged Weapons
  1585 | D:2      | Reached skill level 1 in Throwing
  1585 | D:2      | Reached skill level 1 in Armour
  1585 | D:2      | Reached skill level 1 in Shields
  1585 | D:2      | Reached skill level 1 in Unarmed Combat
  1585 | D:2      | Reached skill level 1 in Evocations
  1739 | D:3      | Noticed Terence
  1745 | D:3      | Reached XP level 4. HP: 32/32 MP: 3/11
  1750 | D:3      | Killed Terence
  1751 | D:3      | Reached skill level 1 in Hexes
  1751 | D:3      | Reached skill level 1 in Summonings
  1751 | D:3      | Reached skill level 1 in Necromancy
  1751 | D:3      | Reached skill level 1 in Translocations
  1751 | D:3      | Reached skill level 1 in Transmutations
  1751 | D:3      | Reached skill level 1 in Ice Magic
  1751 | D:3      | Reached skill level 1 in Air Magic
  1751 | D:3      | Reached skill level 1 in Earth Magic
  1751 | D:3      | Reached skill level 1 in Poison Magic
  1899 | D:3      | Noticed a phantom
  1907 | D:3      | Killed a phantom
  1908 | D:3      | Reached XP level 5. HP: 28/37 MP: 3/12
  2434 | D:3      | Gained mutation: You do not regenerate when monsters are
                  | visible. [potion of mutation]
  2434 | D:3      | Gained mutation: You have sharp toenails. [potion of
                  | mutation]
  2434 | D:3      | Gained mutation: You are robust. (+10% HP) [potion of
                  | mutation]
  2435 | D:3      | Lost mutation: You have sharp toenails. [potion of
                  | mutation]
  2435 | D:3      | Lost mutation: You do not regenerate when monsters are
                  | visible. [potion of mutation]
  2435 | D:3      | Gained mutation: You have a pair of small horns on your
                  | head. [potion of mutation]
  2435 | D:3      | Gained mutation: You are weak. (Str -2) [potion of
                  | mutation]
  2435 | D:3      | Gained mutation: You expend magic power (3 MP) to
                  | strengthen your wands. [potion of mutation]
  2838 | D:5      | Entered Level 5 of the Dungeon
  2982 | D:5      | Noticed a centaur
  2994 | D:5      | Killed a centaur
  2995 | D:5      | Reached skill level 5 in Dodging
  2995 | D:5      | Reached XP level 6. HP: 46/48 MP: 4/14
  3759 | D:4      | Reached XP level 7. HP: 56/56 MP: 9/15
  3996 | D:5      | Reached skill level 5 in Stealth
  4000 | D:5      | Learned a level 3 spell: Inner Flame
  4003 | D:5      | Learned a level 2 spell: Poisonous Vapours
  4320 | D:5      | Found a staircase to the Ecumenical Temple.
  4493 | Temple   | Entered the Ecumenical Temple
  4497 | Temple   | Became a worshipper of Hepliaklqana the Forgotten
  4596 | D:5      | Found a shimmering blue altar of Sif Muna.
  4596 | D:5      | Found an ancient bone altar of Kikubaaqudgha.
  4597 | D:5      | Found a white marble altar of Elyvilon.
  4794 | D:5      | Reached XP level 8. HP: 48/63 MP: 3/16
  4940 | D:5      | Found a runed translucent door.
  4941 | D:5      | Noticed Crazy Yiuf
  6049 | D:6      | Reached XP level 9. HP: 68/68 MP: 13/18
  6762 | D:7      | Engulfed by a steam dragon's steam

Illustrated notes

Levels and vault maps discovered:
D:1:      ncdulo_wetmaze, layout_basic, minmay_close_crescents
D:2:      layout_rooms, kennysheep_generic_room_13
D:3:      layout_loops_cross, uniq_terence
D:4:      layout_cave_pools
D:5:      layout_loops_ring, gammafunk_temple_overflow_forgotten,
          minmay_temple_entry_statues_fountains, roderic_lattice_a,
          uniq_crazy_yiuf_cottage
D:6:      layout_rooms, hangedman_decor_opposing
D:7:      layout_loops_cross, gammafunk_ghost_cemetery
Temple:   zaba_magenta_temple

Skill      XL: |  1  2  3  4  5  6  7  8  9 |
---------------+----------------------------+-----
Conjurations   | 2 3 4 |  4.1
Spellcasting   | 5 6 |  6.5
Invocations    | 1 2 3 4 |  4.5
Fighting       | 1 2 3 4 |  4.1
Short Blades   | 1 2 3 4 |  4.1
Long Blades    | 1 2 3 4 |  4.1
Axes           | 1 2 3 4 |  4.1
Maces & Flails | 1 2 3 4 |  4.1
Polearms       | 1 2 3 4 |  4.1
Staves         | 1 2 3 4 |  4.1
Ranged Weapons | 1 2 3 4 |  4.1
Throwing       | 1 2 3 4 |  4.1
Armour         | 1 2 3 4 |  4.1
Shields        | 1 2 3 4 |  4.1
Unarmed Combat | 1 2 3 4 |  4.1
Evocations     | 1 2 3 4 |  4.1
Hexes          | 1 2 3 |  3.4
Summonings     | 1 2 3 |  3.4
Necromancy     | 1 2 3 |  3.4
Translocations | 1 2 3 |  3.4
Transmutations | 1 2 3 |  3.4
Ice Magic      | 1 2 3 |  3.4
Air Magic      | 1 2 3 |  3.4
Earth Magic    | 1 2 3 |  3.4
Poison Magic   | 1 2 3 |  3.4
Dodging        | 5 6 |  6.2
Stealth        | 5 6 |  6.0
Fire Magic     | 6 |  6.5

Action                   |  1- 3 |  4- 6 |  7- 9 || total
-------------------------+-------+-------+-------++-------
Melee: Unarmed           |     1 |       |       ||     1
       Dagger            |     2 |       |       ||     2
       Bite              |     1 |     3 |     7 ||    11
       Short sword       |       |    38 |    68 ||   106
       Headbutt          |       |     6 |    18 ||    24
       Punch             |       |     1 |     2 ||     3
 Cast: Foxfire           |    44 |    46 |    49 ||   139
       Scorch            |    13 |    25 |    57 ||    95
  Use: Scroll            |     1 |     7 |    10 ||    18
       Potion            |       |     3 |     2 ||     5
 Stab: Sleeping          |       |       |     1 ||     1
Armor: Robe              |     3 |    20 |       ||    23
       Leather armour    |       |       |    52 ||    52
Dodge: Dodged            |     8 |    42 |    62 ||   112
